 Dungeon Crawl Stone Soup version 0.23.1-37-gaa34b87b72 (webtiles) character file.

Game seed: 6896882308526763549

354 Marnok the Chopper (level 6, 0/53 HPs)
             Began as a Minotaur Fighter on Mar 26, 2019.
             Slain by an ogre
             ... wielding a +0 giant club
              (10 damage)
             ... on level 5 of the Dungeon.
             The game lasted 00:10:17 (2219 turns).

Marnok the Chopper (Minotaur Fighter)               Turns: 2219, Time: 00:10:18

Health: 0/53       AC:  7    Str: 20    XL:     6   Next: 35%
Magic:  5/5        EV:  8    Int:  5    God:
Gold:   159        SH:  9    Dex: 12    Spells: 5/5 levels left

rFire    + . .     SeeInvis .   a - +0 war axe
rCold    . . .     Gourm    .   c - +0 shield
rNeg     . . .     Faith    .   b - +0 scale mail
rPois    .         Spirit   .   (helmet restricted)
rElec    .         Reflect  .   g - scarf {cloud immunity}
rCorr    .         Harm     .   (no gloves)
MR       .....                  (no boots)
Stlth    ..........             (no amulet)
HPRegen  0.17/turn              v - ring of flight
MPRegen  0.09/turn              n - ring of protection from fire

@: hasted, very quick
A: retaliatory headbutt, horns 2, talons 1, screaming 1
a: Evoke Flight


You were on level 5 of the Dungeon.
You were very hungry.

You visited 1 branch of the dungeon, and saw 5 of its levels.

You collected 159 gold pieces.

Inventory:

Hand Weapons
 a - a +0 war axe (weapon)
 i - a cursed -2 dagger
Armour
 b - a +0 scale mail (worn)
 c - a +0 shield (worn)
 g - a scarf of cloud immunity (worn)
Jewellery
 h - an uncursed ring of wizardry
 n - a ring of protection from fire (right hand)
 v - a ring of flight (left hand)
Scrolls
 e - 2 scrolls of remove curse {unknown}
 k - a scroll of random uselessness {unknown}
 l - a scroll of enchant weapon {unknown}
 m - 3 scrolls of identify {unknown}
 o - a scroll of blinking {unknown}
 p - a scroll of amnesia {unknown}
 q - a scroll of enchant armour {unknown}
 t - a scroll of teleportation {unknown}
Potions
 d - a potion of might
 j - a potion of invisibility {unknown}
Comestibles
 f - 9 rations


   Skills:
 + Level 4.6 Fighting
 + Level 5.7 Axes
 + Level 4.9 Armour
 + Level 1.9 Dodging
 + Level 0.3 Stealth
 + Level 4.5 Shields


You had 5 spell levels left.
You didn't know any spells.
Your spell library was empty.

Dungeon Overview and Level Annotations

Branches:
Dungeon (5/15)
 Temple: D:4-7

Altars:
Cheibriados
Fedhas
Uskayaw
The Shining One

Annotations:
D:4 1 transporter, rumpelstilzz's ghost, amateur TrAM


Innate Abilities, Weirdness & Mutations

You reflexively headbutt those who attack you in melee.
You have a pair of horns on your head.
You have sharp toenails.
You occasionally shout uncontrollably at your foes.


Message History

Found a scroll labeled LESUON YZXOETI.
m - 3 scrolls labeled LESUON YZXOETI (gained 1)
Found a rapier.
You see here a rapier.
Found 13 gold pieces.
You now have 159 gold pieces (gained 13).
An ogre comes into view. It is wielding a +0 giant club.
The ogre shouts!
The ogre hits you with a +0 giant club!
You completely miss the ogre. The ogre hits you with a +0 giant club!
You hit the ogre but do no damage. Your headbutt misses the ogre.
The ogre hits you with a +0 giant club!!
* * * LOW HITPOINT WARNING * * *
Okay, then.
It was a potion of mutation.
You feel extremely strange.
You feel the urge to shout.
Your toenails lengthen and sharpen.
You block the ogre's attack.
It was a potion of haste.
You feel yourself speed up. The ogre hits you with a +0 giant club!
You die...

.. ......
..#####....#
#.........# #
#.........##.#
#...........
.#.........##..
......O........
.......@..#
..###.....#
#.....#########
#.............#
#.............#
####..........#
#.....#########
#........#
#........#


You could see an ogre.

Vanquished Creatures
  An ogre (D:4)
  An orc priest (D:4)
  A hound (D:4)
  An iguana (D:4)
  An orc wizard (D:4)
  2 worker ants (D:4)
  4 adders
  An ooze (D:2)
  3 worms
  A dart slug (D:3)
  3 leopard geckos
  4 orcs
  2 ball pythons
  6 giant cockroaches
  9 hobgoblins
  2 jackals (D:3)
  A quokka (D:3)
  6 bats
  3 frilled lizards
  6 goblins
  3 kobolds
  6 rats
67 creatures vanquished.

Notes
Turn   | Place    | Note
-------+----------+-------------------------------------------
     0 | D:1      | Marnok the Minotaur Fighter began the quest for the Orb.
     0 | D:1      | Reached XP level 1. HP: 19/19 MP: 0/0
    43 | D:2      | Reached XP level 2. HP: 27/27 MP: 1/1
   262 | D:2      | Reached XP level 3. HP: 33/33 MP: 2/2
   345 | D:2      | Found a hide-covered altar of Uskayaw.
   514 | D:3      | Found a blossoming altar of Fedhas.
   518 | D:3      | Reached skill level 3 in Axes
   551 | D:3      | Reached XP level 4. HP: 40/41 MP: 3/3
   827 | D:3      | Found a snail-covered altar of Cheibriados.
   947 | D:4      | Reached skill level 1 in Dodging
  1152 | D:4      | Reached skill level 4 in Axes
  1180 | D:5      | Entered Level 5 of the Dungeon
  1191 | D:4      | Noticed rumpelstilzz's ghost (amateur TrAM)
  1192 | D:4      | Found a transporter.
  1194 | D:4      | Identified the +9 great mace "Axuk Wigoh" {pain, *Drain
                  | rPois Str+4 Stlth+}
  1194 | D:4      | Noticed an ogre
  1342 | D:4      | Reached XP level 5. HP: 47/47 MP: 4/4
  1427 | D:4      | Found a glowing golden altar of the Shining One.
  1556 | D:4      | Noticed an ogre
  1561 | D:4      | Killed an ogre
  1561 | D:4      | Reached skill level 5 in Axes
  1561 | D:4      | Reached XP level 6. HP: 24/53 MP: 5/5
  2218 | D:5      | Gained mutation: You occasionally shout uncontrollably at
                  | your foes. [potion of mutation]
  2218 | D:5      | Gained mutation: You have sharp toenails. [potion of
                  | mutation]
  2219 | D:5      | Slain by an ogre

Skill      XL: |  1  2  3  4  5 |
---------------+----------------+-----
Armour         | 4 |  4.9
Fighting       | 4 |  4.6
Shields        | 4 |  4.5
Axes           | 3 4 5 |  5.7
Dodging        | 1 |  1.9
Stealth        | |  0.3

Action                   |  1- 3 |  4- 6 || total
-------------------------+-------+-------++-------
Melee: War axe           |    64 |    79 ||   143
       Headbutt          |     9 |    14 ||    23
  Use: Potion            |       |     2 ||     2
  Eat: Chunk             |       |     3 ||     3
Armor: Scale mail        |    37 |    25 ||    62
Dodge: Dodged            |    16 |    20 ||    36
Block: Shield            |    34 |    41 ||    75
